 Dungeon Crawl Stone Soup version 0.29-a0-284-gf9362112df (webtiles) character file.

Game seed: 16145783425121758837

254 siradein the Skirmisher (level 5, 0/46 HPs)
             Began as a Draconian Arcane Marksman on Mar 17, 2022.
             Killed from afar by Blork the orc (6 damage)
             ... with a puff of flame
             ... on level 3 of the Dungeon.
             The game lasted 00:09:27 (3750 turns).

siradein the Skirmisher (Draconian Arcane Marksman) Turns: 3750, Time: 00:09:28

Health: 0/46       AC: 11    Str: 12    XL:     5   Next: 91%
Magic:  6/6        EV: 13    Int: 14    God:
Gold:   213        SH:  0    Dex: 13    Spells: 5/6 levels left

rFire   . . .      SeeInvis .   a - +1 hand crossbow (vorpal)
rCold   . . .      Faith    .   (no shield)
rNeg    . . .      Spirit   .   (body armour unavailable)
rPois   .          Reflect  .   (helmet restricted)
rElec   .          Harm     .   h - +0 cloak
rCorr   .          Rampage  .   (no gloves)
Will    .....                   m - +0 pair of boots
Stlth   +.........              (no amulet)
HPRegen 0.15/turn               q - +4 ring of protection
MPRegen 0.10/turn               (no ring)

@: no status effects
A: AC +5, unfitting armour, cold-blooded
a: no special abilities


You were on level 3 of the Dungeon.
You visited 1 branch of the dungeon, and saw 4 of its levels.

You collected 213 gold pieces.

Inventory:

Hand Weapons
 a - a +1 vorpal hand crossbow (weapon)
Missiles
 r - 4 datura-tipped darts
Armour
 h - a +0 cloak (worn)
 m - a +0 pair of boots (worn)
Jewellery
 j - a ring of fire
 q - a +4 ring of protection (left hand)
Scrolls
 b - a scroll of vulnerability
 f - a scroll of teleportation
 g - a scroll of silence {unknown}
 k - a scroll of fear {unknown}
 n - a scroll of blinking {unknown}
 p - a scroll of magic mapping {unknown}
Potions
 i - a potion of curing {unknown}
 l - a potion of flight {unknown}
 o - a potion of magic {unknown}


   Skills:
 + Level 3.8 Fighting
 + Level 3.5 Crossbows
 + Level 3.5 Dodging
 - Level 1.0 Spellcasting
 - Level 2.6 Hexes


You had 5 spell levels left.
You knew the following spells:

 Your Spells              Type           Power      Damage    Failure   Level
a - Slow                  Hex            32%        N/A       9%          1

Your spell library contained the following spells:

 Spells                   Type           Power      Damage    Failure   Level
 Blink                    Tloc           0%         N/A       36%         2
 Sublimation of Blood     Necr           0%         N/A       36%         2
 Wereblood                Tmut           0%         N/A       36%         2
 Inner Flame              Hex/Fire       4%         N/A       41%         3
 Portal Projectile        Hex/Tloc       8%         N/A       41%         3
 Lesser Beckoning         Tloc           0%         N/A       61%         3
 Cause Fear               Hex            4%         N/A       65%         4
 Manifold Assault         Tloc           0%         N/A       100%        5
 Summon Hydra             Summ           0%         N/A       100%        7


Dungeon Overview and Level Annotations

Branches:
Dungeon (4/15)
 Temple: D:4-7

Altars:

Shops:
D:2 (

Annotations:
D:2 Sigmund
D:3 Blork the orc


Innate Abilities, Weirdness & Mutations

Your plain brown scales are hard. (AC +5)
You cannot fit into any form of body armour.
You are cold-blooded and may be slowed by cold attacks.


Message History

The bolt hits Blork the orc but does no damage.
Blork the orc is severely wounded.
Blork the orc begins to cast a cantrip, but forgets the words!
Shoot: a) +1 hand crossbow (vorpal)
Press: ? - help, Q - select action, (/) - cycle Shift-Dir - straight line, f/p - Blork the orc
Aim: Blork the orc, wielding a +0 battleaxe and wearing a +0 robe (severely wounded, 65% to hit)
You shoot a bolt. The bolt closely misses Blork the orc.
Blork the orc hits you with a +0 battleaxe.
* * * LOW HITPOINT WARNING * * *
Blork the orc looks satisfied for a moment.
Shoot: a) +1 hand crossbow (vorpal)
Press: ? - help, Q - select action, (/) - cycle Shift-Dir - straight line, f/p - Blork the orc
Aim: Blork the orc, wielding a +0 battleaxe and wearing a +0 robe (severely wounded, 65% to hit)
You shoot a bolt. The bolt hits Blork the orc.
Blork the orc is almost dead.
Blork the orc hits you but does no damage.
Shoot: a) +1 hand crossbow (vorpal)
Press: ? - help, Q - select action, (/) - cycle Shift-Dir - straight line, f/p - Blork the orc
Aim: Blork the orc, wielding a +0 battleaxe and wearing a +0 robe (almost dead, 65% to hit)
You shoot a bolt. The bolt barely misses Blork the orc.
Blork the orc barely misses you.
Shoot: a) +1 hand crossbow (vorpal)
Press: ? - help, Q - select action, (/) - cycle Shift-Dir - straight line, f/p - Blork the orc
Aim: Blork the orc, wielding a +0 battleaxe and wearing a +0 robe (almost dead, 65% to hit)
You shoot a bolt.
The bolt completely misses Blork the orc.
Blork the orc points at you and mumbles some strange words.
The puff of frost hits you.
* * * LOW HITPOINT WARNING * * *
Shoot: a) +1 hand crossbow (vorpal)
Press: ? - help, Q - select action, (/) - cycle Shift-Dir - straight line, f/p - Blork the orc
Aim: Blork the orc, wielding a +0 battleaxe and wearing a +0 robe (almost dead, 65% to hit)
You shoot a bolt.
The bolt hits Blork the orc but does no damage.
Blork the orc is almost dead.
Blork the orc gestures at you while chanting.
The magic dart hits you but does no damage.
Blork the orc gestures at you while chanting.
The puff of flame hits you.
You die...

#...........# ###########.#
#..........#
#.#####################
#.#....##.............#
#####.#.....#.###########.#
#.....#.......#...# #...#.#
#######.#####..o.##.#.#.###.#.#.#
................@...#.#.......#.#
#####..######.#....#######..###..
#..# #.#.#............###.
#..######.#.############## #.
#####.....#.#..........# #.
#.#.#.#.#..#######.# #.
#.#.#.#.#.#.#<.#.#.### #.
#####.#.#.#.#.#.##.#.....# #.
#####..[..#.#.#.#...##.#.###.####


You could see Blork the orc.

Vanquished Creatures
  A phantom (D:4)
  An orc wizard (D:3)
  Robin (D:3)
  A gnoll (D:2)
  5 adders
  A worm (D:2)
  2 dart slugs
  7 orcs (D:3)
  5 bats
  3 endoplasms
  4 giant cockroaches
  11 goblins
  7 hobgoblins
  4 kobolds
  7 quokkas
  7 ball pythons
  7 frilled lizards
  4 rats
78 creatures vanquished.

Notes
Turn   | Place    | Note
-------+----------+-------------------------------------------
     0 | D:1      | siradein the Draconian Arcane Marksman began the quest for
                  | the Orb.
     0 | D:1      | Reached XP level 1. HP: 16/16 MP: 2/2
   344 | D:1      | Reached XP level 2. HP: 22/23 MP: 3/3
   829 | D:2      | Found Xauvacru's Weapon Shoppe.
   853 | D:2      | Noticed Sigmund
  1093 | D:2      | Reached XP level 3. HP: 27/29 MP: 4/4
  1313 | D:2      | Found a faded altar of an unknown god.
  1642 | D:2      | Reached XP level 4. HP: 32/37 MP: 5/5
  2454 | D:3      | Noticed Robin
  2484 | D:3      | Killed Robin
  2661 | D:3      | Reached XP level 5. HP: 23/45 MP: 6/6
  3605 | D:4      | Noticed a phantom
  3609 | D:4      | Noticed Blork the orc
  3615 | D:4      | Killed a phantom
  3750 | D:3      | Killed from afar by Blork the orc

Illustrated notes

Levels and vault maps discovered:
D:1:      wheals_arrival_linesprint, layout_rooms, minmay_tromino_i4
D:2:      layout_rooms, serial_shops, nicolae_lakefront_shop,
          hellmonk_ecumenical_altar_lost_god, minmay_liquid_box,
          minmay_split_cup_large, uniq_sigmund
D:3:      layout_basic, serial_co_window_serial, co_window_paths_b,
          co_window_of_opportunity_a, co_window_paths_b, co_window_corner_a,
          co_window_paths_b, co_window_broadway_b, co_window_corner_b,
          co_window_broadway_b, co_window_unsneaky_path_a,
          co_window_of_opportunity_c, glass_columns_a, glass_columns_b,
          uniq_robin
D:4:      layout_rooms, temple_doors_e, cheibrodos_sewer_entry_sluice,
          nicolae_grassy_gnolls, uniq_blork_the_orc

Skill      XL: |  1  2  3  4 |
---------------+-------------+-----
Crossbows      | 2 3 |  3.5
Dodging        | 2 3 |  3.5
Fighting       | 2 3 |  3.8
Spellcasting   | |  1.0
Hexes          | |  2.6

Action                   |  1- 3 |  4- 6 || total
-------------------------+-------+-------++-------
Melee: Hand crossbow     |       |     1 ||     1
 Fire: Hand crossbow     |   179 |   172 ||   351
  Use: Potion            |       |     1 ||     1
       Scroll            |       |     5 ||     5
Armor: Skin              |    32 |    55 ||    87
Dodge: Dodged            |    88 |   106 ||   194

Table legend: (Time is in decaauts)
 A = Elapsed time spent in this place.
 B = Non-inter-level travel time spent in this place.
 C = Inter-level travel time spent in this place.
 D = Time resting spent in this place.
 E = Time spent auto-exploring this place.
 F = Levels seen in this place.
 G = Mean time per level.
                   A        B        C        D        E       F      G
               +--------+--------+--------+--------+--------+-----+--------+
         Total |   3885 |   3815 |     70 |    474 |   2388 |   4 |  971.2 |
       Dungeon |   3885 |   3815 |     70 |    474 |   2388 |   4 |  971.2 |
               +--------+--------+--------+--------+--------+-----+--------+

Top non-repeatable levels by time:
     D:3: 1766 daAuts
     D:1: 1186 daAuts
     D:2: 909 daAuts
     D:4: 23 daAuts
